 Dungeon Crawl Stone Soup version 0.18-a0-1060-g4fac74f (webtiles) character file.

56410 Chiseanne the Thaumaturge (level 14, 0/96 HPs)
             Began as a Centaur Air Elementalist on Jan 12, 2016.
             Was a High Priest of Vehumet.
             Slain by an azure jelly (5 damage)
             ... on level 7 of the Lair of Beasts on Jan 13, 2016.
             The game lasted 02:10:45 (35669 turns).

Chiseanne the Thaumaturge (CeAE)                   Turns: 35669, Time: 02:10:46

Health: 0/96       AC: 16    Str: 11    XL:     14   Next: 41%
Magic:  25/41      EV: 13    Int: 28    God:    Vehumet [*****.]
Gold:   1764       SH:  5    Dex: 11    Spells: 8 memorised, 9 levels left

rFire  . . .     SeeInvis +     a - +8 spear "Apror" {elec, rF+}
rCold  . . .     Gourm    .     A - +0 robe of the Trees {*Drain +Blink rF- Int+7 Stlth+}
rNeg   . . .     Faith    .     T - +1 buckler
rPois  .         Spirit   .     M - +1 helmet
rElec  .         Dismiss  .     l - +0 cloak "Opivuiri" {rCorr Int+3 SInv}
rCorr  +         Reflect  .     h - +1 pair of gloves
SustAt .         Harm     .     e - +3 centaur barding
MR     +....                    w - amulet of magic regeneration
Stlth  ++........               y - ring of magical power
                                S - +6 ring of evasion

@: repel missiles, very quick, somewhat resistant to hostile enchantments,
unstealthy
A: hooves 3, deformed body, speed 2, tough skin 3
a: Renounce Religion, Evoke Blink


You were on level 7 of the Lair of Beasts.
You worshipped Vehumet.
Vehumet was extremely pleased with you.
You were not hungry.

You visited 4 branches of the dungeon, and saw 24 of its levels.
You also visited: Sewer, Ossuary and Bailey.

You collected 1764 gold pieces.

Inventory:

Hand Weapons
 a - the +8 spear "Apror" (weapon) {elec, rF+}
   (You found it on level 12 of the Dungeon)

   Occasionally, upon striking a foe, it will discharge some electrical energy
   and cause terrible harm.
   It protects you from fire.
 Y - a +3 longbow of flaming
Armour
 e - a +3 centaur barding (worn)
 h - a +1 pair of gloves (worn)
 l - the +0 cloak "Opivuiri" (worn) {rCorr Int+3 SInv}
   (You found it in a bailey)

   It affects your intelligence (+3).
   It lets you see invisible.
   It protects you from acid and corrosion.
 A - the +0 robe of the Trees (worn) {*Drain +Blink rF- Int+7 Stlth+}
   (You took it off an orc on level 6 of the Dungeon)

   It affects your intelligence (+7).
   It makes you vulnerable to fire.
   It lets you blink.
   It causes draining when unequipped.
   It makes you more stealthy.
 M - a +1 helmet (worn)
 T - a +1 buckler (worn)
Magical Staves
 s - an uncursed staff of poison
Jewellery
 w - an amulet of magic regeneration (around neck)
 y - a ring of magical power (right hand)
 K - an uncursed ring of flight
 S - a +6 ring of evasion (left hand)
 W - an uncursed ring of resist corrosion
Wands
 o - a wand of digging (0/24)
 F - a wand of lightning (5/15)
 Q - a wand of cold (0/15)
 R - a wand of fireball (10/15)
 U - a wand of disintegration (9/24)
Scrolls
 g - 10 scrolls of teleportation
 i - 7 scrolls of remove curse
 j - 3 scrolls of enchant armour
 r - 4 scrolls of blinking
 E - 5 scrolls of recharging
 H - 2 scrolls of enchant weapon
 I - a scroll of identify
 J - a scroll of immolation
 P - 2 scrolls of magic mapping
 V - a scroll of fog
Potions
 k - 2 potions of resistance
 m - 3 potions of heal wounds
 n - 3 potions of magic
 p - 8 potions of brilliance
 q - a potion of berserk rage
 u - 3 potions of flight
 B - 3 potions of invisibility
 C - 3 potions of haste
 D - 5 potions of agility
 N - 3 potions of curing
 X - a potion of might
Books
 b - the Compendium of Attacks
   (You found it on level 6 of the Lair of Beasts)

   Spells                             Type                      Level
   a - Sting                          Conjuration/Poison           1
   b - Magic Dart                     Conjuration                  1
   c - Static Discharge               Conjuration/Air              3
   d - Throw Icicle                   Conjuration/Ice              4
   e - Iskenderun's Mystic Blast      Conjuration                  4
   f - Iron Shot                      Conjuration/Earth            6
 f - a book of the Sky

   Spells                             Type                      Level
   a - Summon Lightning Spire         Summoning/Air                4
   b - Airstrike                      Air                          4
   c - Silence                        Hexes/Air                    5
   d - Deflect Missiles               Charms/Air                   6
   e - Conjure Ball Lightning         Conjuration/Air              6
   f - Tornado                        Air                          9
 x - a book of Envenomations

   Spells                             Type                      Level
   a - Spider Form                    Transmutation/Poison         3
   b - Olgreb's Toxic Radiance        Poison                       4
   c - Alistair's Intoxication        Transmutation/Poison         5
   d - Poisonous Cloud                Conjuration/Poison/Air       6
 z - the Volume of Harmful Summoning
   (You found it on level 6 of the Lair of Beasts)

   Spells                             Type                      Level
   a - Summon Guardian Golem          Hexes/Summoning              3
   b - Irradiate                      Conjuration/Transmutation    5
   c - Aura of Abjuration             Summoning                    5
   d - Spellforged Servitor           Conjuration/Summoning        7
 L - a book of Enchantments

   Spells                             Type                      Level
   a - Cause Fear                     Hexes                        4
   b - Yara's Violent Unravelling     Hexes/Transmutation          5
   c - Silence                        Hexes/Air                    5
   d - Deflect Missiles               Charms/Air                   6
   e - Haste                          Charms                       6
   f - Discord                        Hexes                        8
 Z - a book of the Dragon

   Spells                             Type                      Level
   a - Flame Tongue                   Conjuration/Fire             1
   b - Cause Fear                     Hexes                        4
   c - Bolt of Fire                   Conjuration/Fire             6
   d - Dragon Form                    Transmutation                7
   e - Dragon's Call                  Summoning                    9
Comestibles
 c - 12 bread rations
 d - 13 meat rations
 t - 10 beef jerkies
 v - 14 fruits
 O - a slice of pizza


   Skills:
 - Level 1.6 Fighting
 - Level 1.3 Dodging
 - Level 1.2 Stealth
 - Level 3.9 Shields
 * Level 14.9 Spellcasting
 - Level 10.3 Conjurations
 - Level 10.0 Air Magic


You had 9 spell levels left.
You knew the following spells:

 Your Spells              Type           Power        Failure   Level  Hunger
a - Airstrike             Air            ######....   1%          4    None
b - Lightning Bolt        Conj/Air       ######....   1%          5    None
c - Static Discharge      Conj/Air       ######..     1%          3    None
d - Mephitic Cloud        Conj/Pois/Air  ######..     1%          3    None
e - Poisonous Cloud       Conj/Pois/Air  ######....   7%          6    ####...
f - Freezing Cloud        Conj/Ice/Air   ######....   7%          6    ####...
g - Summon Lightning Spi  Summ/Air       #####...     3%          4    None
h - Repel Missiles        Chrm/Air       #####.       1%          2    None


Dungeon Overview and Level Annotations

Branches:
Dungeon (14/15)            Temple (1/1) D:7            Lair (8/8) D:9
 Shoals (0/4) Lair:4       Spider (0/4) Lair:4        Slime (0/6) Lair:7
    Orc (1/2) D:12         Vaults (0/5) D:14

Altars:
Ashenzari
Cheibriados
Dithmenos
Elyvilon
Fedhas
Gozag
Kikubaaqudgha
Makhleb
Nemelex Xobeh
Okawaru
Pakellas
Qazlal
Ru
Sif Muna
Trog
Vehumet
Xom
Yredelemnul
Zin
The Shining One
Jiyva

Shops:
D:8 :   D:13 :

Annotations:
D:2 Sigmund
D:14 Azrael
Lair:1 exclusion: downstairs
Orc:1 Duffy's ghost, journeyman HOFi


Innate Abilities, Weirdness & Mutations

You have hooves in place of feet.
Armour fits poorly on your strangely shaped body.
You cover ground very quickly.
You have extremely tough skin (AC +3).


Message History

The azure jelly hits you!
Your lightning spire shoots out a bolt of lightning at the azure jelly!
The bolt of electricity hits the azure jelly.
The azure jelly resists.
The azure jelly hits you. The azure jelly freezes you!!
The azure jelly hits you. The azure jelly freezes you!!!
* * * LOW HITPOINT WARNING * * *
The azure jelly hits you but does no damage.
The azure jelly hits you.
* * * LOW HITPOINT WARNING * * *
Casting: Lightning Bolt
Confirm with . or Enter, or press ? or * to list all spells.
Aiming: Lightning Bolt
Press: ? - help, Shift-Dir - straight line, f/p - azure jelly
Aim: an azure jelly (moderately wounded)
You hear a mighty clap of thunder!
The bolt of lightning misses the azure jelly.
The azure jelly hits you but does no damage.
The azure jelly hits you.
You die...

#.....##.##..### #....
##.......}.....# ##....
#....#.....#..P########.....
#....##P#####..#...##.......
#...######.P...'_.>##.......
#....###..PPPP.#...#.......P
##...###....P...#####....##(.
#....##.#....J..8....รท.......
####....###...@................
###.#P....#.#.......##.......#...
#.................(..##PP...P#.#.
....###...........#.#####..P..##.
...##.#...........#.#####....###.
...###.......................###.
............(....................
..##....#...)=.........P.........
#..##..P..............##P.......#


You could see an azure jelly and a friendly lightning spire.

Vanquished Creatures
  Maud (D:13)
  Nessos (Lair:7)
  The ghost of pedritolo the Pandemonic, a journeyman CeFi of Makhleb (Lair:7)
  4 hydras
  2 centaur warriors
  An ogre mage (D:13)
  The ghost of Chiseanne the Thaumaturge, a journeyman CeAE of Gozag (D:12)
  3 death yaks (Lair:6)
  4 unseen horrors
  A wizard (D:13)
  An ugly thing (D:11)
  3 hill giants (D:10)
  2 griffons
  A manticore (D:12)
  6 elephants
  6 black mambas
  A centaur zombie (D:12)
  A centaur skeleton (D:14)
  10 spiny frogs
  4 komodo dragons
  4 fire drakes
  A yaktaur (D:13)
  2 trolls
  3 two-headed ogres
  4 slime creatures
  4 blink frogs
  Grinder (D:6)
  A shadow (D:11)
  A basilisk (Lair:7)
  4 wyverns
  48 yaks
  A wraith (D:13)
  7 hippogriffs
  4 vampire mosquitoes
  Menkaure (D:7)
  4 wolves
  A warg (D:12)
  A hell hound (D:13)
  3 porcupines
  6 water moccasins
  2 ice beasts
  17 orc warriors
  2 necrophages
  2 sky beasts (D:9)
  A black bear (D:6)
  8 ogres
  7 crocodiles
  8 centaurs
  6 big kobolds
  20 giant frogs
  5 water moccasin zombies (Ossuary)
  6 scorpions
  8 wights
  19 killer bees
  3 crimson imps
  2 giant frog zombies
  10 hounds
  5 jellies
  Ijyb (D:3)
  3 orc priests
  14 orc wizards
  3 giant frog skeletons
  11 iguanas
  10 worker ants
  17 sheep
  4 big kobold zombies (Ossuary)
  2 hound zombies
  3 hound skeletons
  2 mummies (Ossuary)
  2 worker ant zombies
  8 gnolls
  18 adders
  30 river rats
  5 shadow imps
  2 oozes
  6 adder zombies
  4 giant geckos
  75 orcs
  15 ball pythons
  10 giant cockroaches
  4 gnoll zombies (Ossuary)
  6 goblins
  2 hobgoblins
  8 jackals
  32 kobolds
  3 quokkas
  6 giant newts
  A goblin zombie (D:6)
  6 hobgoblin zombies (Ossuary)
  A jackal zombie (D:5)
  3 kobold zombies (Ossuary)
  3 orc zombies (Ossuary)
  A quokka skeleton (D:5)
  25 rats
  A rat zombie (D:6)
  8 fungi
  2 plants
643 creatures vanquished.

Vanquished Creatures (collateral kills)
  A vault guard (D:13)
  2 death yaks
  An orc knight (D:12)
  3 hill giants
  An orb spider (Lair:4)
  An ugly thing (D:11)
  A cyclops (D:11)
  3 elephants
  6 spiny frogs
  A komodo dragon (Lair:5)
  A two-headed ogre (D:10)
  3 slime creatures (D:13)
  5 blink frogs
  A vampire (D:13)
  2 basilisks
  11 yaks
  A wraith (D:13)
  A hippogriff (Lair:2)
  2 hungry ghosts
  3 wolves
  A mottled dragon (D:13)
  2 water moccasins (Lair:1)
  6 orc warriors (D:12)
  A centaur (D:13)
  A crocodile (Lair:2)
  A giant frog (Lair:2)
  2 killer bees (D:11)
  An orc wizard (D:12)
  A centaur skeleton (D:12)
  An iguana (Lair:5)
  4 sheep (Lair:5)
  15 river rats
  4 adders (Lair:1)
  3 orcs (D:13)
93 creatures vanquished.

Vanquished Creatures (others)
  27 fungi
  4 plants
31 creatures vanquished.

Grand Total: 767 creatures vanquished

Notes
Turn   | Place    | Note
--------------------------------------------------------------
     0 | D:1      | Chiseanne the Centaur Air Elementalist began the quest for the Orb.
     0 | D:1      | Reached XP level 1. HP: 14/14 MP: 3/3
   194 | D:1      | Reached skill level 1 in Fighting
   383 | D:1      | Found a glowing golden altar of the Shining One.
   617 | D:1      | Reached XP level 2. HP: 12/23 MP: 1/4
  1117 | D:1      | Reached skill level 1 in Conjurations
  1311 | D:2      | Found a deep blue altar of Sif Muna.
  1334 | D:2      | Reached skill level 3 in Air Magic
  1389 | D:2      | Learned a level 2 spell: Repel Missiles
  1392 | D:2      | Noticed Sigmund
  1541 | D:3      | Reached XP level 3. HP: 24/28 MP: 0/5
  1565 | D:3      | Found a glowing drain.
  1598 | Sewer    | Entered a sewer
  2008 | Sewer    | Reached XP level 4. HP: 35/35 MP: 0/7
  2521 | Sewer    | Learned a level 3 spell: Static Discharge
  2957 | Sewer    | Reached XP level 5. HP: 33/40 MP: 2/8
  3610 | Sewer    | Reached skill level 4 in Air Magic
  3614 | Sewer    | Reached XP level 6. HP: 12/47 MP: 2/10
  4221 | D:3      | Noticed Ijyb
  4236 | D:3      | Killed Ijyb
  5325 | D:4      | Reached XP level 7. HP: 52/52 MP: 5/12
  5488 | D:4      | Found a white marble altar of Elyvilon.
  5842 | D:4      | Found an oddly glowing altar of Pakellas.
  6026 | D:5      | Entered Level 5 of the Dungeon
  6209 | D:5      | Reached skill level 5 in Air Magic
  6392 | D:5      | Found a shimmering altar of Xom.
  6598 | D:5      | Found an oddly glowing altar of Pakellas.
  7592 | D:6      | Got a heavily jewelled robe
  7691 | D:6      | Found a sand-covered staircase.
  7700 | Ossuary  | Entered an ossuary
  7818 | Ossuary  | Identified the +0 robe of the Trees {*Drain +Blink rF- Int+7 Stlth+} (You took it off an orc on level 6 of the Dungeon)
  7898 | Ossuary  | Reached XP level 8. HP: 39/59 MP: 1/14
  8185 | Ossuary  | Reached skill level 5 in Conjurations
  8569 | Ossuary  | Reached skill level 6 in Air Magic
  9082 | D:6      | Found a blossoming altar of Fedhas.
  9100 | D:6      | Noticed Grinder
  9104 | D:6      | Killed Grinder
  9104 | D:6      | Reached skill level 5 in Spellcasting
  9629 | D:6      | Reached XP level 9. HP: 57/66 MP: 1/17
 10057 | D:7      | Learned a level 5 spell: Lightning Bolt
 10093 | D:7      | Noticed Menkaure
 10105 | D:7      | Killed Menkaure
 10105 | D:7      | Reached skill level 7 in Air Magic
 10497 | D:7      | Found a staircase to the Ecumenical Temple.
 10698 | Temple   | Entered the Ecumenical Temple
 10854 | Temple   | Became a worshipper of Vehumet
 11640 | D:8      | Found Xasaergh's Book Emporium.
 11699 | D:8      | Found a sparkling altar of Nemelex Xobeh.
 11769 | D:8      | Reached * piety under Vehumet
 11769 | D:8      | Offered knowledge of Magic Dart by Vehumet.
 12074 | D:8      | Reached skill level 8 in Air Magic
 12198 | D:8      | Found an ancient bone altar of Kikubaaqudgha.
 12391 | D:8      | Found a glowing silver altar of Zin.
 12449 | D:8      | Reached XP level 10. HP: 18/72 MP: 1/19
 13044 | D:8      | Found an opulent altar of Gozag.
 13669 | D:9      | Found a staircase to the Lair.
 13857 | D:9      | Reached ** piety under Vehumet
 13940 | D:9      | Offered knowledge of Searing Ray by Vehumet.
 14446 | D:9      | Reached skill level 9 in Air Magic
 15164 | D:10     | Entered Level 10 of the Dungeon
 15215 | D:10     | Killed an unseen horror
 15407 | D:10     | Noticed a hill giant
 15415 | D:10     | Killed a hill giant
 15415 | D:10     | Reached XP level 11. HP: 68/78 MP: 5/22
 15538 | D:10     | Offered knowledge of Ignite Poison by Vehumet.
 15679 | D:10     | Learned a level 4 spell: Summon Lightning Spire
 15697 | D:10     | Noticed a hill giant
 15712 | D:10     | Killed a hill giant
 15974 | D:10     | Noticed a hill giant
 15992 | D:10     | Killed a hill giant
 16090 | D:10     | Reached *** piety under Vehumet
 16339 | D:10     | Noticed a hill giant
 16347 | D:10     | Killed a hill giant
 16347 | D:10     | Reached skill level 1 in Shields
 17126 | D:11     | Noticed a brown ugly thing
 17132 | D:11     | Killed a brown ugly thing
 17428 | D:11     | Offered knowledge of Mephitic Cloud by Vehumet.
 17481 | D:11     | Learned a level 3 spell: Mephitic Cloud
 18034 | D:11     | Reached skill level 10 in Air Magic
 18279 | D:11     | Noticed an eight-headed hydra
 18290 | D:11     | Killed an eight-headed hydra
 18291 | D:11     | Noticed a purple ugly thing
 18381 | D:11     | Killed a purple ugly thing
 18628 | D:12     | Found a flagged portal.
 18634 | Bailey   | Entered a bailey
 18647 | Bailey   | Reached **** piety under Vehumet
 18798 | Bailey   | Offered knowledge of Throw Icicle by Vehumet.
 18933 | Bailey   | Reached skill level 10 in Conjurations
 18945 | Bailey   | Learned a level 4 spell: Throw Icicle
 19011 | Bailey   | Got a pitted cloak
 19017 | Bailey   | Identified the +0 cloak "Opivuiri" {rCorr Int+3 SInv} (You found it in a bailey)
 19019 | Bailey   | Got a shimmering plate armour
 19159 | Bailey   | Identified the cursed +1 plate armour of the Skies Above {rC+ Str-5 Slay+3} (You found it in a bailey)
 19191 | D:12     | Got a dazzling spear
 19380 | D:12     | Identified the +8 spear "Apror" {elec, rF+} (You found it on level 12 of the Dungeon)
 19509 | D:12     | Found a staircase to the Orcish Mines.
 19520 | D:12     | Reached XP level 12. HP: 84/84 MP: 19/24
 19887 | D:12     | Noticed Chiseanne's ghost (journeyman CeAE)
 20273 | D:12     | Killed Chiseanne's ghost
 20543 | D:12     | Reached ***** piety under Vehumet
 20746 | D:13     | Offered knowledge of Bolt of Magma by Vehumet.
 20769 | D:13     | Found Efaa's Book Emporium.
 21270 | D:13     | Noticed a centaur warrior
 21300 | D:13     | Noticed Maud
 21303 | D:13     | Killed a centaur warrior
 21303 | D:13     | Reached skill level 10 in Spellcasting
 21740 | D:13     | Noticed an ogre mage
 21757 | D:13     | Killed an ogre mage
 22472 | D:13     | Killed Maud
 22472 | D:13     | Reached skill level 11 in Spellcasting
 24049 | D:14     | Found a gate to the Vaults.
 24049 | D:14     | Noticed a vault guard
 24049 | D:14     | Noticed a vault guard
 24049 | D:14     | Noticed a vault guard
 24059 | D:14     | Noticed a vault guard
 24149 | D:13     | Killed a vault guard
 24307 | D:14     | Noticed a centaur warrior
 24310 | D:14     | Killed a centaur warrior
 24310 | D:14     | Reached XP level 13. HP: 67/90 MP: 3/28
 24561 | D:14     | Noticed Azrael
 24713 | Orc:1    | Entered Level 1 of the Orcish Mines
 24720 | Orc:1    | Noticed an orc warlord
 24890 | Orc:1    | Noticed Duffy's ghost (journeyman HOFi)
 25303 | Lair:1   | Entered Level 1 of the Lair of Beasts
 25307 | Lair:1   | Reached skill level 12 in Spellcasting
 25424 | Lair:1   | Learned a level 4 spell: Airstrike
 25438 | Lair:1   | Offered knowledge of Olgreb's Toxic Radiance by Vehumet.
 29589 | Lair:3   | Reached skill level 13 in Spellcasting
 29990 | Lair:4   | Found a staircase to the Shoals.
 30447 | Lair:4   | Found a hole to the Spider Nest.
 30473 | Lair:4   | Offered knowledge of Freezing Cloud by Vehumet.
 30482 | Lair:4   | Learned a level 6 spell: Freezing Cloud
 32464 | Lair:6   | Reached skill level 14 in Spellcasting
 32875 | Lair:6   | Reached XP level 14. HP: 96/96 MP: 18/32
 33125 | Lair:6   | Identified the Compendium of Attacks
 33134 | Lair:6   | Learned a level 6 spell: Poisonous Cloud
 33143 | Lair:6   | Identified the Volume of Harmful Summoning
 34557 | Lair:7   | Noticed pedritolo's ghost (journeyman CeFi)
 34562 | Lair:7   | Killed pedritolo's ghost
 34954 | Lair:7   | Found a viscous altar of Jiyva.
 34956 | Lair:7   | Found a runed door.
 34957 | Lair:7   | Found a staircase to the Slime Pits.
 34957 | Lair:7   | Noticed an azure jelly
 35076 | Lair:7   | Noticed Nessos
 35126 | Lair:7   | Killed Nessos
 35607 | Lair:8   | Entered Level 8 of the Lair of Beasts
 35668 | Lair:7   | HP: 4/96 [azure jelly (5)]
 35669 | Lair:7   | Slain by an azure jelly

Vault maps used:
D:1:      saegor_arrival_simple_f, tso_altar
D:2:      lemuel_doored_altar, ecumenical_altar_2, minmay_misc_feat_rows,
          uniq_natasha, uniq_sigmund
D:3:      portal_sewer_entry_f, mrwooster_statue_mirror, uniq_iyjb
D:4:      lemuel_crystal_altar, overflow_temple_1_default
D:5:      kennysheep_mini_moat, basic_altar, first_bread
D:6:      nicolae_overflow_crystal_walls, enter_ossuary_4, uniq_grinder
D:7:      minmay_temple_entry_junction2, roderic_ancient_swastika,
          minmay_misc_feat_roman, uniq_menkaure
D:8:      zin_statuary, grunt_gozag_statues, kiku_gazebo_pond_becter,
          basic_altar, serial_shops, shop
D:9:      minmay_lair_entry_lava
D:11:     grunt_ogre_cave
D:12:     david_orc_3, enter_bailey_2, serial_glass, glass_columns_b,
          glass_columns_a, evilmike_butchery
D:13:     minmay_open_boxes_in_corner, serial_shops, shop,
          lightli_fourway_metalbox, uniq_maud
D:14:     lightli_vaults_fourway_checkpoint, minmay_misc_feat_four_crosses,
          basic_altar, guppyfry_shop_earth, uniq_azrael
Temple:   triangle_lava_temple_12
Lair:1:   cheibrodos_lair_reptile_den, grunt_megastairs_4
Lair:2:   lemuel_fruit_tree
Lair:3:   columned_hall_lemuel
Lair:4:   shoals_dummy_entry, nicolae_spider_entry_orb_guardian,
          serial_bayou_lagoon_a
Lair:5:   beast_lair_carwin_8
Lair:7:   slime_altar_2, grunt_megastairs_5, uniq_nessos
Lair:8:   wormcave, hangedman_lair_caniforms_friends
Orc:1:    uniq_snorg
Sewer:    sewer_minmay_w
Ossuary:  ossuary_tomb_2
Bailey:   bailey_polearm_1, bailey

Action                   |  1- 3 |  4- 6 |  7- 9 | 10-12 | 13-15 || total
-------------------------+-------+-------+-------+-------+-------++-------
Melee: Unarmed           |    38 |       |       |       |       ||    38
       Club              |    22 |       |       |       |       ||    22
       Short sword       |    34 |   110 |   149 |       |       ||   293
       Halberd           |       |       |    66 |       |       ||    66
       Long sword        |       |       |    12 |       |       ||    12
       Broad axe         |       |       |    16 |   102 |       ||   118
       Spear             |       |       |       |    67 |   181 ||   248
 Fire: Blowgun           |       |       |       |    14 |       ||    14
Throw: Tomahawk          |       |       |     3 |       |       ||     3
 Cast: Shock             |    61 |   112 |   185 |   368 |    52 ||   778
       Repel Missiles    |     1 |       |     2 |     4 |       ||     7
       Static Discharge  |       |    11 |   112 |   184 |     3 ||   310
       Mephitic Cloud    |       |       |       |    41 |    33 ||    74
       Lightning Bolt    |       |       |       |    22 |    15 ||    37
       Summon Lightning  |       |       |       |    36 |    58 ||    94
       Throw Icicle      |       |       |       |    54 |    29 ||    83
       Airstrike         |       |       |       |       |   266 ||   266
       Freezing Cloud    |       |       |       |       |    22 ||    22
       Poisonous Cloud   |       |       |       |       |    14 ||    14
Evoke: Wand              |       |       |       |     8 |     5 ||    13
  Use: Scroll            |     4 |     4 |    14 |     8 |    10 ||    40
       Potion            |       |     5 |     2 |     7 |     2 ||    16
 Stab: Sleeping          |       |       |       |     2 |     1 ||     3
       Confused          |       |       |       |       |     2 ||     2
  Eat: Chunk             |     4 |    12 |    16 |    33 |    24 ||    89
       Fruit             |       |       |     4 |     7 |     1 ||    12
       Beef jerky        |       |       |     2 |     1 |     3 ||     6
       Pizza             |       |       |     1 |     1 |     1 ||     3
       Bread ration      |       |       |     1 |       |       ||     1
       Royal jelly       |       |       |       |     1 |     3 ||     4
